 Dungeon Crawl Stone Soup version 0.29.1-1-gd02db6906a (webtiles) character file.

Game seed: 11581462623216381852

11368 FastidiousMonk the Fighter (level 11, -30/117 HPs)
             Began as a Gargoyle Berserker on Oct 6, 2022.
             Was an Elder of Trog.
             Annihilated by a titanic slime creature (71 damage)
             ... on level 12 of the Dungeon.
             The game lasted 01:14:42 (13214 turns).

FastidiousMonk the Fighter (Gargoyle Berserker)    Turns: 13214, Time: 01:14:42

Health: -30/117    AC: 31    Str: 21    XL:     11   Next: 76%
Magic:  11/11      EV: 16    Int:  8    God:    Trog [****..]
Gold:   1022       SH:  0    Dex: 18    Spells: 10/10 levels left

rFire   . . .      SeeInvis +   a - +6 hammer "Qampeg" {protect, rElec Str-4 Dex+5 Stlth+}
rCold   + . .      Faith    .   l - orb {mayhem}
rNeg    + . .      Spirit   .   S - +0 acid dragon scales
rPois   ∞          Reflect  .   q - +0 helmet
rElec   +          Harm     .   A - +0 cloak
rCorr   +          Rampage  .   r - +2 pair of gloves
Will    .....                   x - +0 pair of boots "Gillufoi" {Dex+4}
Stlth   ..........              k - amulet of regeneration
HPRegen 1.09/turn               M - ring of see invisible
MPRegen 0.12/turn               Y - ring of protection from cold

@: berserking (expiring), under a protective aura, very quick
A: sickness immunity, AC +8, negative energy resistance 1, electricity
resistance, torment resistance 1, petrification resistance
a: Renounce Religion, Berserk, Trog's Hand, Brothers in Arms


You were on level 12 of the Dungeon.
You worshipped Trog.
Trog was greatly pleased with you.
You visited 1 branch of the dungeon, and saw 12 of its levels.

You collected 1022 gold pieces.

Inventory:

Hand Weapons
 a - the +6 hammer "Qampeg" (weapon) {protect, rElec Str-4 Dex+5 Stlth+}
   (You found it on level 3 of the Dungeon)

   It grants its wielder temporary protection when it strikes (+7 to AC).
   Str:       It affects your strength (-4).
   Dex:       It affects your dexterity (+5).
   rElec:     It insulates you from electricity.
   Stlth:     It makes you more stealthy.
 U - a +3 shortbow
Missiles
 b - 39 poisoned darts
 h - 139 stones
 G - 5 curare-tipped darts
 H - a boomerang of dispersal
 R - 7 boomerangs
 V - 2 atropa-tipped darts
 W - 3 javelins (quivered)
Armour
 l - an orb of mayhem (worn)
 q - a +0 helmet (worn)
 r - a +2 pair of gloves (worn)
 u - a +2 pair of boots
 x - the +0 pair of boots "Gillufoi" (worn) {Dex+4}
   (You found it on level 11 of the Dungeon)

   Dex:       It affects your dexterity (+4).
 A - a +0 cloak (worn)
 S - +0 acid dragon scales (worn)
Jewellery
 k - an amulet of regeneration (around neck)
 F - an amulet of the acrobat
 M - a ring of see invisible (left hand)
 P - an amulet of faith
 Q - a +6 ring of intelligence
 Y - a ring of protection from cold (right hand)
Wands
 w - a wand of flame (7)
 C - a wand of digging (9)
 D - a wand of mindburst (21)
 J - a wand of roots (7)
 L - a wand of acid (7)
Scrolls
 c - a scroll of poison {unknown}
 j - a scroll of magic mapping
 m - 2 scrolls of noise
 n - a scroll of enchant armour {unknown}
 p - 3 scrolls of blinking
 v - 2 scrolls of enchant weapon
 y - 7 scrolls of teleportation
 z - 2 scrolls of immolation
 K - 2 scrolls of butterflies {unknown}
 X - a scroll of torment {unknown}
Potions
 d - a potion of degeneration {unknown}
 e - 2 potions of attraction
 f - 2 potions of lignification {unknown}
 g - 2 potions of cancellation
 i - 4 potions of mutation
 o - a potion of haste {unknown}
 s - 2 potions of might
 t - 5 potions of heal wounds
 B - a potion of invisibility {unknown}
 E - 3 potions of magic
 I - 2 potions of ambrosia
 N - 7 potions of curing
 O - a potion of resistance {unknown}
 T - a potion of berserk rage {unknown}


   Skills:
 + Level 13.0 Fighting
 - Level 2.6(3.8) Axes
 * Level 4.6(5.1) Maces & Flails
 - Level 10.1 Armour
 * Level 8.6 Dodging


You had 10 spell levels left.
You didn't know any spells.
Your spell library contained the following spells:

 Spells                   Type           Power      Damage    Failure   Level
 Apportation              Tloc           0%         N/A       47%         1
 Beastly Appendage        Tmut           0%         N/A       47%         1
 Necrotise                Necr           0%         1d4       47%         1
 Summon Small Mammal      Summ           0%         N/A       47%         1
 Ensorcelled Hibernation  Hex/Ice        0%         N/A       63%         2
 Passwall                 Tmut/Erth      0%         N/A       63%         2
 Wereblood                Tmut           0%         N/A       63%         2
 Call Canine Familiar     Summ           0%         N/A       85%         3
 Portal Projectile        Hex/Tloc       0%         N/A       85%         3
 Spider Form              Tmut/Pois      0%         N/A       85%         3
 Swiftness                Air            0%         N/A       85%         3
 Vampiric Draining        Necr           0%         2d6       85%         3
 Animate Armour           Summ/Erth      0%         N/A       99%         4
 Leda's Liquefaction      Hex/Erth       0%         N/A       99%         4
 Summon Lightning Spire   Summ/Air       0%         N/A       99%         4
 Agony                    Necr           0%         N/A       100%        5
 Blade Hands              Tmut           0%         N/A       100%        5
 Iron Shot                Conj/Erth      0%         9d1       100%        6
 Storm Form               Tmut/Air       0%         N/A       100%        7
 Maxwell's Capacitive Co  Air            0%         ∞         100%        8


Dungeon Overview and Level Annotations

Branches:
Dungeon (12/15)            Temple (0/1) D:6            Lair (0/5) D:8
    Orc: D:9-12

Altars:
Elyvilon
Hepliaklqana
Wu Jian

Shops:
D:6 [(   D:10 **

Portals:
Trove: D:11 (give 4 potions of resistance)

Annotations:
D:6 Shop(SweetArmor)(ClimbUpForOther), D:8 TheLair, D:11 TreasureTrovePortal,


Innate Abilities, Weirdness & Mutations

You are immune to sickness and miasma.
Your stone body is resilient. (AC +8)
You are immune to poison.
You resist negative energy. (rN+)
You are resistant to electric shocks. (rElec)
You are resistant to unholy torment.
You are immune to petrification.


Message History

You hit the very large slime creature.
The very large slime creature is moderately wounded.
The very large slime creature misses you.
Two slime creatures merge to form an enormous slime creature.
A red film seems to cover your vision as you go berserk!
You feel yourself moving faster!
You feel mighty!
You sock the enormous slime creature!
The enormous slime creature is moderately wounded.
The enormous slime creature misses you.
You bludgeon the enormous slime creature!!
The enormous slime creature is moderately wounded.
The enormous slime creature hits you!!!
* * * LOW HITPOINT WARNING * * *
You bludgeon the enormous slime creature!!
The enormous slime creature is heavily wounded.
You barely miss the enormous slime creature.
The enormous slime creature is heavily wounded.
The enormous slime creature hits you but does no damage.
You thump the enormous slime creature!
The enormous slime creature is heavily wounded.
The enormous slime creature closely misses you.
You are too berserk!
You sock the enormous slime creature!
The enormous slime creature is heavily wounded.
The enormous slime creature misses you.
You sock the enormous slime creature!
The enormous slime creature is heavily wounded.
The enormous slime creature misses you.
You bludgeon the enormous slime creature!!
The enormous slime creature is severely wounded.
Two slime creatures merge to form a titanic slime creature.
You sock the titanic slime creature!
The titanic slime creature is heavily wounded.
You hit the titanic slime creature.
The titanic slime creature is heavily wounded.
You barely miss the titanic slime creature.
The titanic slime creature is heavily wounded.
The titanic slime creature hits you!!!
Ouch! That really hurt!
You die...

# .######## ### .#
......... ..# .##
..>.....# #.#..O#
######.......# #>#...#
.....#.......# #DO...#
.....#.......# #J#...#
.....#.......# #@# ..#
.....#.......###.# .#
.....#...........######
.....########...........
.....##.....#...........
............#...........
............#...........
.....##...###...........
###+###...###'##########


You could see a titanic slime creature, a two-headed ogre and an acid dragon.

Vanquished Creatures
  A hydra (D:8)
  3 two-headed ogres
  Pikel (D:5)
  A manticore (D:12)
  Maurice (D:9)
  A komodo dragon (D:11)
  The ghost of Icepheonix32 the Trooper, an amateur MiFi (D:4)
  5 trolls
  A hornet (D:9)
  Sigmund (D:3)
  3 yaks (D:10)
  2 basilisks (D:11)
  A steam dragon (D:8)
  The ghost of Cheops the Cudgeller, an amateur GrFi (D:4)
  An acid dragon (D:8)
  A water moccasin (D:10)
  4 orc warriors
  A sky beast (D:7)
  A black bear (D:5)
  6 ogres
  A centaur (D:10)
  2 phantoms
  A lemure (D:5)
  4 kobold brigands
  A bullfrog (D:6)
  6 scorpions
  5 wights (D:7)
  4 killer bees
  3 howler monkeys
  4 hounds
  3 jellies
  Crazy Yiuf (D:3)
  4 orc priests
  Terence (D:3)
  4 iguanas
  11 orc wizards
  The ghost of hikkokomori the Sneak, a weakling FoDe (D:4)
  6 adders
  A shadow imp (D:7)
  A white imp (D:6)
  4 ufetubi
  A worm (D:2)
  3 dart slugs (D:2)
  27 orcs
  14 ball pythons
  10 bats
  8 endoplasms
  5 giant cockroaches
  8 goblins
  4 hobgoblins
  3 jackals (D:4)
  4 quokkas
  A frilled lizard (D:2)
  15 kobolds
  8 rats
  A bush (D:10)
217 creatures vanquished.

Vanquished Creatures (collateral kills)
  Lodul (D:11)
  A yak (D:10)
  Menkaure (D:7)
  2 ogres (D:11)
  A centaur (D:10)
  4 killer bees (D:10)
  A howler monkey (D:10)
  A jelly (D:7)
  An orc priest (D:5)
  2 orcs
  3 kobolds (D:9)
18 creatures vanquished.

Vanquished Creatures (others)
  A yak (D:10)
  An acid dragon (D:9)
  An ogre (D:11)
  A killer bee (D:9)
  An adder (D:5)
  An orc (D:6)
  A jackal (D:4)
  4 withered plants (D:4)
11 creatures vanquished.

Grand Total: 246 creatures vanquished

Notes
Turn   | Place    | Note
-------+----------+-------------------------------------------
     0 | D:1      | FastidiousMonk the Gargoyle Berserker began the quest for
                  | the Orb.
     0 | D:1      | Reached XP level 1. HP: 14/14 MP: 1/1
   253 | D:1      | Reached XP level 2. HP: 20/20 MP: 2/2
   292 | D:1      | Reached skill level 4 in Fighting
   643 | D:1      | Reached ** piety under Trog
   645 | D:1      | Reached XP level 3. HP: 19/24 MP: 3/3
  1262 | D:2      | Reached skill level 5 in Fighting
  1490 | D:2      | Reached XP level 4. HP: 31/31 MP: 4/4
  1614 | D:3      | Found a faded altar of an unknown god.
  1749 | D:3      | Reached *** piety under Trog
  1909 | D:3      | You fall into a shaft and drop 1 floor!
  2044 | D:3      | Found a runed translucent door.
  2044 | D:3      | Identified the +6 hammer "Qampeg" {protect, rElec Str-4
                  | Dex+5 Stlth+}
  2049 | D:3      | Noticed Crazy Yiuf
  2064 | D:3      | Killed Crazy Yiuf
  2065 | D:3      | Reached skill level 6 in Fighting
  2311 | D:3      | Noticed Sigmund
  2343 | D:3      | Killed Sigmund
  2344 | D:3      | Reached skill level 7 in Fighting
  2344 | D:3      | Reached XP level 5. HP: 38/38 MP: 5/5
  2344 | D:3      | Reached XP level 6. HP: 44/44 MP: 6/6
  2489 | D:3      | Noticed Terence
  2500 | D:3      | Killed Terence
  2720 | D:3      | Found an ornate altar of the Wu Jian Council.
  2777 | D:5      | Entered Level 5 of the Dungeon
  2814 | D:5      | Found a hazy altar of Hepliaklqana.
  2814 | D:5      | Found a white marble altar of Elyvilon.
  3093 | D:4      | Reached skill level 8 in Fighting
  3280 | D:4      | Found a runed translucent gate.
  3311 | D:4      | Reached XP level 7. HP: 32/50 MP: 7/7
  3623 | D:4      | Reached skill level 9 in Fighting
  3739 | D:4      | Found a runed translucent gate.
  3739 | D:4      | Found a runed translucent gate.
  3741 | D:4      | Noticed hikkokomori's ghost (weakling FoDe)
  3741 | D:4      | Noticed Icepheonix32's ghost (amateur MiFi)
  3741 | D:4      | Noticed Cheops's ghost (amateur GrFi)
  4254 | D:4      | Killed hikkokomori's ghost
  4260 | D:4      | Killed Cheops's ghost
  4265 | D:4      | Killed Icepheonix32's ghost
  4266 | D:4      | Reached skill level 10 in Fighting
  4266 | D:4      | Reached XP level 8. HP: 58/58 MP: 8/8
  4514 | D:5      | Reached skill level 11 in Fighting
  4823 | D:5      | Noticed Pikel
  4845 | D:5      | Killed Pikel
  4846 | D:5      | Reached skill level 12 in Fighting
  4846 | D:5      | Reached XP level 9. HP: 67/67 MP: 9/9
  5423 | D:6      | Reached **** piety under Trog
  5798 | D:6      | Found Ugeuhis's Armour Shop.
  6104 | D:6      | Found a staircase to the Ecumenical Temple.
  6581 | D:6      | Found Cuqy's Antique Weapon Boutique.
  6757 | D:7      | Reached skill level 5 in Armour
  6796 | D:7      | Noticed Menkaure
  7005 | D:7      | Killed Menkaure
  7226 | D:7      | Reached XP level 10. HP: 72/72 MP: 10/10
  7293 | D:7      | Reached skill level 5 in Dodging
  7809 | D:8      | Found a staircase to the Lair.
  8493 | D:8      | Found the +1 robe of Vines {NoPotionHeal Regen++++}
  8499 | D:8      | Noticed a four-headed hydra
  8516 | D:8      | Killed a four-headed hydra
  8846 | D:9      | Noticed Maurice
  8862 | D:9      | Killed Maurice
  8964 | D:9      | Noticed a two-headed ogre
  9029 | D:9      | Killed a two-headed ogre
  9468 | D:9      | Noticed a two-headed ogre
  9476 | D:9      | Killed a two-headed ogre
  9477 | D:9      | Reached XP level 11. HP: 76/76 MP: 11/11
 10478 | D:10     | Entered Level 10 of the Dungeon
 10478 | D:10     | Found Ocwite's Demolitions Depot.
 10588 | D:10     | Noticed a two-headed ogre
 10600 | D:10     | Killed a two-headed ogre
 10601 | D:10     | Reached skill level 1 in Maces & Flails
 10601 | D:10     | Reached skill level 10 in Armour
 11057 | D:10     | Found Nabbiwk's Serpentskin Sales.
 12221 | D:11     | Found a portal to a secret trove of treasure.
 12238 | D:11     | Noticed Lodul
 12253 | D:11     | Killed Lodul
 12339 | D:11     | Identified the +0 pair of boots "Gillufoi" {Dex+4}
 13007 | D:12     | Noticed a manticore
 13016 | D:12     | Killed a manticore
 13017 | D:12     | Reached skill level 13 in Fighting
 13188 | D:12     | Noticed a two-headed ogre
 13214 | D:12     | Annihilated by a titanic slime creature

Illustrated notes

Levels and vault maps discovered:
D:1:      dpeg_arrival_chambers_temple_mockup, layout_loops_ring,
          amcnicky_mini_rare_corridor_liquid
D:2:      layout_basic, kennysheep_generic_room_16
D:3:      layout_rooms, nicolae_overflow_hidden_temple,
          ebering_ecumenical_altar_abandoned, uniq_sigmund,
          uniq_crazy_yiuf_cottage, uniq_terence
D:4:      layout_layer_cave, gammafunk_ghost_cemetery, kennysheep_generic_room_9
D:5:      layout_basic, gammafunk_temple_overflow_elements,
          kennysheep_minor_cross, uniq_pikel
D:6:      layout_loops_corners, minmay_temple_entry_waves, serial_shops,
          nicolae_square_shop, nicolae_take_the_stairs
D:7:      layout_cave_pools, uniq_menkaure
D:8:      layout_basic, lair_entry_dummy, hellmonk_guarded_unrand_vines
D:9:      layout_loops_ring, uniq_maurice
D:10:     layout_long_grid, minmay_hedge_maze, nicolae_blasting_shop,
          guppyfry_shop_venom
D:11:     layout_basic, enter_trove_1, uniq_lodul
D:12:     layout_stronghold, minmay_orc_entry_guard_dogs,
          minmay_misc_feat_enclosed, lightli_church_of_beogh, uniq_sonja

Skill      XL: |  1  2  3  4  5  6  7  8  9 10 11 |
---------------+----------------------------------+-----
Fighting       | 4 5 7 8 10 12 13 | 13.0
Dodging        | 4 7 8 |  8.6
Armour         | 6 9 10 | 10.1
Maces & Flails | 4 |  4.6
Axes           | |  2.6

Action                   |  1- 3 |  4- 6 |  7- 9 | 10-12 || total
-------------------------+-------+-------+-------+-------++-------
Melee: Hand axe          |    62 |       |       |       ||    62
       Punch             |     1 |       |       |       ||     1
       Flail             |    37 |    44 |       |       ||    81
       War axe           |    15 |       |       |       ||    15
       Mace              |       |    52 |   237 |   321 ||   610
Throw: Dart              |       |     4 |    60 |    33 ||    97
       Javelin           |       |       |       |    47 ||    47
Invok: Berserk           |       |     3 |     8 |    11 ||    22
       Trog's Hand       |       |       |     1 |       ||     1
       Brothers in Arms  |       |       |     1 |       ||     1
  Use: Scroll            |     2 |     2 |     3 |    12 ||    19
 Stab: Sleeping          |       |       |     3 |     2 ||     5
Armor: Animal skin       |     4 |       |       |       ||     4
       Leather armour    |    58 |    69 |   144 |    10 ||   281
       Acid dragon scale |       |       |       |   180 ||   180
Dodge: Dodged            |    88 |    79 |   197 |   249 ||   613
